 Dungeon Crawl Stone Soup version 0.28.0-47-ge53b351184 (webtiles) character file.

Game seed: 17721227568958195885

788 101zpm the Magician (level 8, -4/50 HPs)
             Began as a Djinni Fire Elementalist on Apr 30, 2022.
             Slain by a sky beast (6 damage)
             ... on level 6 of the Dungeon.
             The game lasted 00:09:09 (6852 turns).

101zpm the Magician (Djinni Fire Elementalist)      Turns: 6852, Time: 00:09:09

Health: -4/50      AC:  2    Str:  7    XL:     8   Next: 12%
Gold:   128        EV: 13    Int: 19    God:
                   SH:  0    Dex: 14

rFire   + + .      SeeInvis .   j - +0 demon blade (vamp)
rCold   x . .      Faith    .   (no shield)
rNeg    . . .      Spirit   .   a - +0 robe
rPois   ∞          Reflect  .   (no helmet)
rElec   .          Harm     .   (no cloak)
rCorr   .          Rampage  .   (no gloves)
Will    .....                   (boots unavailable)
Stlth   ++........              (no amulet)
HPRegen 0.16/turn               (no ring)
MPRegen 0.00/turn               (no ring)

@: flying
A: sickness immunity, fire resistance 2, cold vulnerability 1, float, innate
caster, HP casting, extra vitality 1
a: no special abilities


You were on level 6 of the Dungeon.
You visited 1 branch of the dungeon, and saw 6 of its levels.

You collected 128 gold pieces.

Inventory:

Hand Weapons
 j - a +0 vampiric demon blade (weapon)
Armour
 a - a +0 robe (worn)
Jewellery
 k - an amulet of reflection
Wands
 i - a wand of flame (59)
 m - a wand of mindburst (19)
Scrolls
 b - 8 scrolls of identify {unknown}
 f - 2 scrolls of noise {unknown}
 h - a scroll of torment {unknown}
 l - a scroll of teleportation {unknown}
 n - a scroll of magic mapping {unknown}
 o - 2 scrolls of immolation {unknown}
Potions
 c - 2 potions of mutation {unknown}
 d - 2 potions of lignification {unknown}
 e - 3 potions of heal wounds {unknown}
 g - 2 potions of curing {unknown}


   Skills:
 + Level 0.2 Fighting
 + Level 3.0 Dodging
 + Level 2.5 Stealth
 + Level 6.5 Spellcasting


You had 2 spell levels left.
You knew the following spells:

 Your Spells              Type           Power      Damage    Failure   Level
a - Foxfire               Conj/Fire      100%       2x1d9     1%          1
b - Scorch                Fire           62%        2d8       1%          2
c - Conjure Flame         Conj/Fire      31%        6-21      2%          3
d - Inner Flame           Hex/Fire       31%        N/A       2%          3
e - Flame Wave            Conj/Fire      31%        2d8       7%          4
f - Pain                  Necr           100%       1d9       1%          1
g - Passwall              Tmut/Erth      25%        N/A       1%          2
h - Poisonous Vapours     Pois/Air       62%        N/A       1%          2
Your spell library was empty.

Dungeon Overview and Level Annotations

Branches:
Dungeon (6/15)             Temple (0/1) D:4

Altars:
Qazlal
Trog
Zin
The Shining One

Shops:
D:1 ?


Innate Abilities, Weirdness & Mutations

You are immune to sickness and miasma.
You are immune to poison.
Your flesh is very heat resistant. (rF++)
You are vulnerable to cold. (rC-)
You float through the air rather than walking.
You learn spells naturally, not from books.
Your magical power is your life essence.
You have superior vitality. (+4 MHP)


Message History

Casting: Foxfire (safe; 1% risk of failure)
Confirm with . or Enter, or press ? or * to list all spells.
Aiming: Inner Flame (dangerous; 2% risk of failure)
Press: ? - help, Dir - move target, f - sky beast
Aim: a sky beast (ally target, chance to affect: 83%)
The sky beast is filled with an inner flame.
* * * LOW HITPOINT WARNING * * *
Casting: Foxfire (safe; 1% risk of failure)
Press: ? - help, Q - select action, (/) - cycle Dir - look around, f - activate You conjure some foxfire!
* * * LOW HITPOINT WARNING * * *
The foxfire hits the sky beast.
Flame seeps out of the sky beast.
The sky beast is lightly wounded.
The foxfire hits the sky beast.
Flame seeps out of the sky beast.
The sky beast is moderately wounded.
The sky beast is engulfed in blazing flames.
Flame seeps out of the sky beast.
The foxfire hits the sky beast but does no damage.
The sky beast is heavily wounded.
The foxfire hits the sky beast but does no damage.
The sky beast is heavily wounded.
Casting: Foxfire (safe; 1% risk of failure)
Press: ? - help, Q - select action, (/) - cycle Dir - look around, f - activate You conjure some foxfire!
* * * LOW HITPOINT WARNING * * *
The foxfire hits the sky beast but does no damage.
The sky beast is heavily wounded.
The foxfire hits the sky beast.
Flame seeps out of the sky beast.
The sky beast is severely wounded.
The sky beast is engulfed in blazing flames.
The sky beast explodes!
You hear a shout! x2
You have reached level 8!
You feel agile.
You start resting.
A sky beast comes into view.
The sky beast hits you.
* * * LOW HITPOINT WARNING * * *
The sky beast shocks you.
You die...

#.#.....)..:.........
.........†..#..# .......
.......###.....##.......
......###....♣..........
............♣♣♣.........
..........♣..♣..♣.......
..)......♣♣♣...♣♣♣..........>##
.......♣..♣..♣.Y♣..♣.......... ##
......♣♣♣...♣♣♣.@.♣♣♣........ ..
#..>...♣..♣..♣..♣..♣........ ..
#........♣♣♣...♣♣♣......... ##..
....##.♣..♣..♣..♣..♣...<..# ##...
......♣♣♣...♣♣♣...♣♣♣.....###....
.......♣..♣..♣..♣..♣.............
.........♣♣♣...♣♣♣.......####....
..........♣..♣..♣.......######...
.......##...♣♣♣..####...###.....#


You could see a sky beast.

Vanquished Creatures
  Edmund (D:5)
  A sky beast (D:6)
  An ogre (D:6)
  A gnoll sergeant (D:6)
  A scorpion (D:5)
  3 hounds
  A bullfrog skeleton (D:6)
  Robin (D:4)
  8 gnolls
  9 adders
  A white imp (D:6)
  An adder skeleton (D:4)
  3 dart slugs
  3 orcs
  8 endoplasms
  A giant cockroach (D:1)
  8 hobgoblins
  4 jackals
  3 kobolds
  6 quokkas
  6 ball pythons
  2 bats
  14 goblins
  5 rats
92 creatures vanquished.

Vanquished Creatures (others)
  572 foxfires
572 creatures vanquished.

Grand Total: 664 creatures vanquished

Notes
Turn   | Place    | Note
-------+----------+-------------------------------------------
     0 | D:1      | 101zpm the Djinni Fire Elementalist began the quest for the
                  | Orb.
     0 | D:1      | Reached XP level 1. HP: 15/15 MP: 0/0
   288 | D:1      | Found Hokogeopla's Magic Scroll Shop.
   399 | D:1      | Reached XP level 2. HP: 11/21 MP: 0/0
  1141 | D:1      | Reached skill level 3 in Spellcasting
  1287 | D:1      | Reached XP level 3. HP: 21/25 MP: 0/0
  1287 | D:1      | Learned a level 1 spell: Pain
  1759 | D:2      | Found a glowing golden altar of the Shining One.
  2091 | D:2      | Reached XP level 4. HP: 11/31 MP: 0/0
  3255 | D:3      | Found a faded altar of an unknown god.
  3888 | D:3      | Reached XP level 5. HP: 32/35 MP: 0/0
  3888 | D:3      | Learned a level 2 spell: Passwall
  4048 | D:3      | Found a bloodstained altar of Trog.
  4065 | D:3      | Reached skill level 4 in Spellcasting
  4977 | D:4      | Noticed Robin
  4985 | D:4      | Killed Robin
  5183 | D:4      | Reached XP level 6. HP: 36/40 MP: 0/0
  5266 | D:4      | Found a staircase to the Ecumenical Temple.
  5312 | D:4      | Found a glowing silver altar of Zin.
  5652 | D:4      | Found a stormy altar of Qazlal.
  5903 | D:5      | Entered Level 5 of the Dungeon
  5903 | D:5      | Noticed Edmund
  5909 | D:5      | Killed Edmund
  5910 | D:5      | Reached skill level 5 in Spellcasting
  5974 | D:5      | Reached XP level 7. HP: 20/45 MP: 0/0
  5974 | D:5      | Learned a level 2 spell: Poisonous Vapours
  6822 | D:6      | Reached skill level 6 in Spellcasting
  6839 | D:6      | Reached XP level 8. HP: 1/50 MP: 0/0
  6852 | D:6      | HP: 2/50 [sky beast (1)]
  6852 | D:6      | Slain by a sky beast

Illustrated notes

Levels and vault maps discovered:
D:1:      zelgadis_glass_arrival_small, layout_loops_cross, serial_shops,
          nicolae_lakefront_shop, minmay_misc_feat_tiny
D:2:      layout_rooms, basic_altar
D:3:      layout_loops_corners, mainiacjoe_overflow_24_doors,
          ebering_ecumenical_altar_abandoned, minmay_misc_feat_enclosed
D:4:      layout_rooms, mainiacjoe_overflow_alcove_4,
          nicolae_qazlal_scattered_showers, temple_hall, uniq_robin
D:5:      layout_basic, kennysheep_generic_room_15, uniq_eustachio, uniq_edmund
D:6:      layout_cave_pools, kennysheep_mini_moat, serial_gnoll_camp,
          gnoll_camp_mini_hut, gnoll_camp_mini_basic, gnoll_camp_mini_doghouse,
          gnoll_camp_mini_shop, gnoll_camp_mini_hut, gnoll_camp_mini_doghouse,
          kennysheep_doodads

Skill      XL: |  1  2  3  4  5  6  7 |
---------------+----------------------+-----
Spellcasting   | 3 4 5 6 |  6.5
Stealth        | 2 |  2.5
Dodging        | 3 |  3.0
Fighting       | |  0.2

Action                   |  1- 3 |  4- 6 |  7- 9 || total
-------------------------+-------+-------+-------++-------
 Cast: Foxfire           |    98 |   205 |    41 ||   344
       Scorch            |     1 |     4 |       ||     5
       Inner Flame       |       |     7 |    12 ||    19
       Poisonous Vapours |       |       |     3 ||     3
Armor: Robe              |       |     4 |     2 ||     6
Dodge: Dodged            |     4 |     8 |     2 ||    14
